 Dungeon Crawl Stone Soup version 0.25.0-1-g7eea58d (webtiles) character file.

Game seed: 8674300886240360491

73 Flamabang the Charmwright (level 4, 0/38 HPs)
             Began as a Gnoll Skald on June 15, 2020.
             Slain by an orc wizard
             ... wielding a +0 dagger
              (2 damage)
             ... on level 3 of the Dungeon.
             The game lasted 00:05:12 (2072 turns).

Flamabang the Charmwright (Gnoll Skald)             Turns: 2072, Time: 00:05:13

Health: 0/38       AC:  3    Str: 15    XL:     4   Next: 27%
Magic:  5/11       EV: 14    Int: 15    God:
Gold:   127        SH:  0    Dex: 14    Spells: 2/13 levels left

rFire    . . .     SeeInvis .   a - +0 falchion
rCold    . . .     Gourm    .   (no shield)
rNeg     . . .     Faith    .   b - +0 leather armour
rPois    .         Spirit   .   (no helmet)
rElec    .         Reflect  .   (no cloak)
rCorr    .         Harm     .   (no gloves)
MR       .....                  (no boots)
Stlth    +.........             (no amulet)
HPRegen  0.12/turn              (no ring)
MPRegen  0.12/turn              (no ring)

@: infused
A: distributed training, fangs 1, strong nose
a: no special abilities


You were on level 3 of the Dungeon.
You were not hungry.

You visited 1 branch of the dungeon, and saw 3 of its levels.

You collected 127 gold pieces.

Inventory:

Hand Weapons
 a - a +0 falchion (weapon)
 j - a +1 whip of freezing
Missiles
 h - 47 arrows
Armour
 b - a +0 leather armour (worn)
Scrolls
 c - a scroll of amnesia {unknown}
 e - a scroll of remove curse {unknown}
 f - a scroll of fear {unknown}
 g - a scroll of enchant armour {unknown}
 k - 3 scrolls of identify {unknown}
Potions
 i - a potion of magic {unknown}
 l - a potion of degeneration {unknown}
Comestibles
 d - 5 rations
 m - 3 chunks of flesh


   Skills:
 + Level 4.6 Fighting
 + Level 1.0 Short Blades
 + Level 4.6 Long Blades
 + Level 1.0 Axes
 + Level 1.0 Maces & Flails
 + Level 1.0 Polearms
 + Level 1.0 Staves
 + Level 1.0 Slings
 + Level 1.0 Bows
 + Level 1.0 Crossbows
 + Level 1.0 Throwing
 + Level 2.7 Armour
 + Level 4.6 Dodging
 + Level 1.0 Stealth
 + Level 1.0 Shields
 + Level 1.0 Unarmed Combat
 + Level 5.0 Spellcasting
 + Level 0.8 Conjurations
 + Level 0.8 Hexes
 + Level 5.4 Charms
 + Level 0.8 Summonings
 + Level 0.8 Necromancy
 + Level 0.8 Translocations
 + Level 0.8 Transmutations
 + Level 0.8 Fire Magic
 + Level 0.8 Ice Magic
 + Level 0.8 Air Magic
 + Level 0.8 Earth Magic
 + Level 0.8 Poison Magic
 + Level 1.1 Invocations
 + Level 1.0 Evocations


You had 2 spell levels left.
You knew the following spells:

 Your Spells              Type           Power        Failure   Level  Hunger
a - Infusion              Chrm           ###.         2%          1    None
b - Song of Slaying       Chrm           ###.....     3%          2    ##.....
c - Shroud of Golubria    Chrm/Tloc      ##....       9%          2    ##.....
d - Ozocubu's Armour      Chrm/Ice       ##......     17%         3    ###....
e - Spectral Weapon       Hex/Chrm       ##......     17%         3    ###....

Your spell library contained the following spells:

 Spells                   Type           Power        Failure   Level  Hunger


Dungeon Overview and Level Annotations

Branches:
Dungeon (3/15)

Altars:

Annotations:
D:2 Sigmund


Innate Abilities, Weirdness & Mutations

Your experience applies equally to all skills.
You have very sharp teeth.
Your uncanny sense of smell can sniff out nearby items.


Message History

You hit the orc.
The orc is heavily wounded.
Something hits you. The orc misses you.
You slash the orc!
You kill the orc!
Something hits you. Something hits you but does no damage.
You closely miss something.
Your song has ended.
You hear some strange, mumbled words.
A puff of flame appears from out of thin air!
The puff of flame hits you!
* * * LOW HITPOINT WARNING * * *
Casting: Shroud of Golubria (safe; 9% risk of failure)
Confirm with . or Enter, or press ? or * to list all spells.
You begin infusing your attacks with magical energy.
Something hits you.
* * * LOW HITPOINT WARNING * * *
Something hits you but does no damage.
You closely miss something. Something hits you.
You die...

.# ## .# #.. #.. .#
#.###### #!###### .#
#.#....# #...... .#
#.#.#<.# #....# .#
#.#.####.#....# .#####
#.#......#....#
.....#####...######....#
.....)..........@)>....#
.....#.......###{#.....#
#....#.####### #.#.....#
#....#.# #.#.....#
#....#.# #.#.....#
........ #.#.....#
#....#.# ###.#.....#
#....#.#
.####.........##########
#..
........#.....#........#


There were no monsters in sight!

Vanquished Creatures
  An adder (D:3)
  A worm (D:3)
  2 dart slugs (D:1)
  A leopard gecko (D:3)
  6 orcs (D:3)
  5 bats
  2 giant cockroaches
  6 goblins
  2 hobgoblins (D:3)
  11 jackals
  2 frilled lizards (D:1)
  3 kobolds
  4 rats
46 creatures vanquished.

Vanquished Creatures (others)
  A spectral weapon (D:3)
1 creature vanquished.

Grand Total: 47 creatures vanquished

Notes
Turn   | Place    | Note
-------+----------+-------------------------------------------
     0 | D:1      | Flamabang the Gnoll Skald began the quest for the Orb.
     0 | D:1      | Reached XP level 1. HP: 20/20 MP: 6/6
   203 | D:1      | Reached XP level 2. HP: 23/26 MP: 7/7
   459 | D:1      | Learned a level 2 spell: Song of Slaying
   462 | D:1      | Learned a level 2 spell: Shroud of Golubria
   516 | D:1      | Reached XP level 3. HP: 31/31 MP: 9/9
   694 | D:1      | Reached skill level 5 in Spellcasting
   823 | D:2      | Noticed Sigmund
  1004 | D:3      | Reached skill level 1 in Invocations
  1590 | D:3      | Reached skill level 1 in Short Blades
  1590 | D:3      | Reached skill level 1 in Axes
  1590 | D:3      | Reached skill level 1 in Maces & Flails
  1590 | D:3      | Reached skill level 1 in Polearms
  1590 | D:3      | Reached skill level 1 in Staves
  1590 | D:3      | Reached skill level 1 in Slings
  1590 | D:3      | Reached skill level 1 in Bows
  1590 | D:3      | Reached skill level 1 in Crossbows
  1590 | D:3      | Reached skill level 1 in Throwing
  1590 | D:3      | Reached skill level 1 in Stealth
  1590 | D:3      | Reached skill level 1 in Shields
  1590 | D:3      | Reached skill level 1 in Unarmed Combat
  1590 | D:3      | Reached skill level 1 in Evocations
  1590 | D:3      | Reached XP level 4. HP: 21/38 MP: 7/11
  1871 | D:3      | Learned a level 3 spell: Ozocubu's Armour
  1875 | D:3      | Learned a level 3 spell: Spectral Weapon
  1900 | D:3      | Found a faded altar of an unknown god.
  2072 | D:3      | Slain by an orc wizard

Illustrated notes

Levels and vault maps discovered:
D:1:      saegor_arrival_miasma, layout_loops_ring
D:2:      layout_basic, elyvilon_altar_5, lemuel_crystal_altar,
          minmay_tree_intersection, uniq_terence, uniq_robin, uniq_sigmund
D:3:      layout_basic, chequers_ecumenical_altar_simple_redux,
          minmay_liquid_box

Skill      XL: |  1  2  3 |
---------------+----------+-----
Spellcasting   | 5 |  5.0
Invocations    | 1 |  1.1
Short Blades   | 1 |  1.0
Axes           | 1 |  1.0
Maces & Flails | 1 |  1.0
Polearms       | 1 |  1.0
Staves         | 1 |  1.0
Slings         | 1 |  1.0
Bows           | 1 |  1.0
Crossbows      | 1 |  1.0
Throwing       | 1 |  1.0
Stealth        | 1 |  1.0
Shields        | 1 |  1.0
Unarmed Combat | 1 |  1.0
Evocations     | 1 |  1.0
Fighting       | |  4.6
Long Blades    | |  4.6
Armour         | |  2.7
Dodging        | |  4.6
Conjurations   | |  0.8
Hexes          | |  0.8
Charms         | |  5.4
Summonings     | |  0.8
Necromancy     | |  0.8
Translocations | |  0.8
Transmutations | |  0.8
Fire Magic     | |  0.8
Ice Magic      | |  0.8
Air Magic      | |  0.8
Earth Magic    | |  0.8
Poison Magic   | |  0.8

Action                   |  1- 3 |  4- 6 || total
-------------------------+-------+-------++-------
Melee: Falchion          |    88 |    19 ||   107
       Bite              |    11 |     3 ||    14
 Cast: Song of Slaying   |     3 |     1 ||     4
       Shroud of Golubri |     2 |     1 ||     3
       Infusion          |     2 |     1 ||     3
       Spectral Weapon   |       |     1 ||     1
 Stab: Sleeping          |     1 |       ||     1
  Eat: Chunk             |     2 |     2 ||     4
Armor: Leather armour    |    24 |     2 ||    26
Dodge: Dodged            |    81 |    13 ||    94
       Rpst.: Falchion   |    28 |     3 ||    31
